 Dungeon Sprint DCSS version 0.29-a0-364-g921d912d32 (webtiles) character file.

Game seed: 18406110280438324474

12002 mhtbhm the Swashbuckler (level 12, -2/90 HPs)
             Began as a Kobold Berserker on Apr 30, 2022.
             Was the Champion of Trog.
             Slain by a bog body (27 damage)
             ... in the Dungeon (Sprint VII: "The Pits").
             The game lasted 00:05:21 (3189 turns).

mhtbhm the Swashbuckler (Kobold Berserker)          Turns: 3189, Time: 00:05:22

Health: -2/90      AC: 15    Str: 22    XL:     12   Next: 14%
Magic:  12/12      EV: 18    Int:  9    God:    Trog [******]
Gold:   0          SH:  0    Dex: 14    Spells: 11/11 levels left

rFire   . . .      SeeInvis .   a - +2 rapier (elec)
rCold   . . .      Faith    .   (no shield)
rNeg    . . .      Spirit   .   b - +2 scale mail {rPois}
rPois   +          Reflect  .   (no helmet)
rElec   .          Harm     .   (no cloak)
rCorr   .          Rampage  .   o - +0 pair of gloves
Will    .....      NoTele   +   (no boots)
Stlth   +++++++...              (no amulet)
HPRegen 0.25/turn               l - +3 ring of protection
MPRegen 0.13/turn               m - +3 ring of strength

@: on berserk cooldown, slowed, very slow
A: small, no large weapons, nightstalker 3
a: Renounce Religion, Berserk, Trog's Hand, Brothers in Arms


You were in the Dungeon.
You worshipped Trog.
Trog was exalted by your worship.
You visited 1 branch

Inventory:

Hand Weapons
 a - a +2 rapier of electrocution (weapon)
 k - a +6 antimagic quick blade
Armour
 b - a +2 scale mail of poison resistance (worn)
 o - a +0 pair of gloves (worn)
Jewellery
 l - a +3 ring of protection (left hand)
 m - a +3 ring of strength (right hand)
Scrolls
 h - a scroll of blinking
 i - a scroll of summoning
Potions
 c - a potion of invisibility
 d - 6 potions of heal wounds
 e - 2 potions of haste
 f - 4 potions of magic
 g - 3 potions of berserk rage
 j - 7 potions of curing
 n - 3 potions of mutation


   Skills:
 + Level 16.5 Fighting
 + Level 18.4 Short Blades
 + Level 10.9 Armour
 + Level 12.9 Dodging
 + Level 18.3 Stealth


You had 11 spell levels left.
You didn't know any spells.
Your spell library was empty.

Dungeon Overview and Level Annotations

Branches:
Dungeon (1/1)

Altars:
Gozag
Hepliaklqana
Sif Muna
Trog
Jiyva


Innate Abilities, Weirdness & Mutations

You are small and have problems with some larger weapons.
You are completely attuned to the shadows.


Message History

The killer bee stings you but does no damage.
The bog body misses you. The orc misses you. The death yak misses you.
The killer bee misses you.
Unknown command.
You barely miss the death yak.
The death yak is lightly wounded.
The killer bee completely misses you.
The orc hits you from afar with a +0 trident.
The bog body gestures at you while chanting.
The bolt of cold misses you. The death yak gores you.
Your stone giant hits the orc!!!
The orc dies!
Trog accepts your kill.
Unknown command.
You puncture the bog body!
The bog body is moderately damaged.
The killer bee completely misses you.
Your stone giant hits the killer bee!!
The killer bee dies!
Trog accepts your kill. Trog grants you a weapon!
Something appears at your feet!
You see here a +2 antimagic rapier.
The bog body touches you but does no damage.
The death yak gores you but does no damage.
Unknown command.
You hit the bog body.
The bog body is moderately damaged.
You hit the bog body. Lightning courses through the bog body!
The bog body is severely damaged.
The death yak barely misses you. The bog body closely misses you.
Your stone giant hits the death yak!
Unknown command.
You puncture the bog body!
The bog body is almost destroyed.
Your stone giant hits the death yak!!!
The death yak dies!
Trog accepts your kill. The bog body touches you!
* * * LOW HITPOINT WARNING * * *
The bog body freezes you!!
You die...

##...........
############# #########
......... .. #.......#
#.#
####.).###########...
###..+..)+.[##.)##.)...
#....##†##.....##C)†...
)...##.÷.##...†#@†.....
)...'.))÷.+....†)n.....
)...##†..##....#)).....
#....##'##....(##......
###..+.).').##..##....
####†..######## ##.
#.......# .........
#########


You could see a bog body and a friendly stone giant (summoned, berserk).

Vanquished Creatures
  Polyphemus (D)
  A two-headed ogre (D)
  A vampire mage (D)
  2 sea snakes (D)
  A deep elf pyromancer (D)
  2 orc knights (D)
  A cyclops (D)
  A cane toad (D)
  A rime drake (D)
  An ice devil (D)
  A guardian mummy (D)
  A hellwing (D)
  A merfolk (D)
  A tyrant leech (D)
  4 blink frogs (D)
  7 dream sheep (D)
  A wraith (D)
  A steam dragon (D)
  3 wargs (D)
  2 orc warriors (D)
  A sky beast (D)
  An ice beast (D)
  A swamp drake (D)
  4 wolves (D)
  A centaur (D)
  A bullfrog (D)
  2 necrophages (D)
  6 killer bees (D)
  An iron imp (D)
  A hound (D)
  An orc priest (D)
  An iguana (D)
  A hell rat (D)
  2 gnolls (D)
  An adder (D)
  7 orcs (D)
  A bat (D)
  2 endoplasms (D)
  A giant cockroach (D)
  A goblin (D)
  2 hobgoblins (D)
  3 jackals (D)
  2 quokkas (D)
  2 ball python skeletons (D)
  A frilled lizard (D)
  2 rats (D)
83 creatures vanquished.

Vanquished Creatures (collateral kills)
  Urug (D)
  A death yak (D)
  A troll (D)
  2 dream sheep (D)
  An orc warrior (D)
  A sky beast (D)
  A killer bee (D)
  2 orcs (D)
10 creatures vanquished.

Grand Total: 93 creatures vanquished

Notes
Turn   | Place    | Note
-------+----------+-------------------------------------------
     0 | D        | mhtbhm the Kobold Berserker began the quest for the Orb.
     0 | D        | Reached XP level 1. HP: 14/14 MP: 1/1
    21 | D        | Reached skill level 5 in Short Blades
    21 | D        | Reached XP level 2. HP: 8/20 MP: 2/2
   269 | D        | Found a bloodstained altar of Trog.
   269 | D        | Found a shimmering blue altar of Sif Muna.
   269 | D        | Found a viscous altar of Jiyva.
   269 | D        | Found a hazy altar of Hepliaklqana.
   269 | D        | Found an opulent altar of Gozag.
   281 | D        | Reached ** piety under Trog
   291 | D        | Reached skill level 1 in Stealth
   291 | D        | Reached XP level 3. HP: 7/24 MP: 3/3
   295 | D        | Reached skill level 5 in Fighting
   569 | D        | Reached *** piety under Trog
   572 | D        | Noticed an ice beast
   580 | D        | Killed an ice beast
   581 | D        | Reached XP level 4. HP: 7/32 MP: 4/4
   581 | D        | Reached XP level 5. HP: 8/37 MP: 5/5
   875 | D        | Reached **** piety under Trog
   883 | D        | Reached skill level 10 in Short Blades
   883 | D        | Reached skill level 5 in Stealth
   883 | D        | Reached XP level 6. HP: 44/44 MP: 6/6
   893 | D        | Reached skill level 5 in Dodging
   895 | D        | Reached ***** piety under Trog
  1046 | D        | Noticed a cane toad
  1055 | D        | Killed a cane toad
  1056 | D        | Reached XP level 7. HP: 37/51 MP: 7/7
  1410 | D        | Noticed a dream sheep
  1410 | D        | Noticed a dream sheep
  1410 | D        | Noticed a dream sheep
  1411 | D        | Noticed a dream sheep
  1416 | D        | Noticed a dream sheep
  1425 | D        | Killed a dream sheep
  1425 | D        | Received a gift from Trog
  1426 | D        | Reached skill level 10 in Fighting
  1426 | D        | Reached skill level 5 in Armour
  1426 | D        | Reached XP level 8. HP: 47/57 MP: 8/8
  1428 | D        | Noticed Urug
  1429 | D        | Killed a dream sheep
  1430 | D        | Reached skill level 10 in Stealth
  1434 | D        | Killed a dream sheep
  1448 | D        | Killed a dream sheep
  1449 | D        | Killed Urug
  1450 | D        | Reached XP level 9. HP: 41/65 MP: 9/9
  1623 | D        | Noticed a hellwing
  1623 | D        | Noticed a cyclops
  1636 | D        | Killed a hellwing
  1636 | D        | Received a gift from Trog
  1642 | D        | Killed a cyclops
  1731 | D        | Reached XP level 10. HP: 72/72 MP: 10/10
  1795 | D        | Reached skill level 15 in Short Blades
  1796 | D        | Received a gift from Trog
  1797 | D        | Reached skill level 10 in Dodging
  1859 | D        | Noticed an orc knight
  1876 | D        | Reached ****** piety under Trog
  1877 | D        | Reached skill level 15 in Stealth
  1885 | D        | Killed an orc knight
  1885 | D        | Received a gift from Trog
  2085 | D        | Received a gift from Trog
  2100 | D        | Reached XP level 11. HP: 80/80 MP: 11/11
  2270 | D        | Noticed a sea snake
  2278 | D        | Received a gift from Trog
  2289 | D        | Killed a sea snake
  2299 | D        | Reached skill level 15 in Fighting
  2348 | D        | Noticed a sea snake
  2358 | D        | Killed a sea snake
  2358 | D        | Received a gift from Trog
  2460 | D        | Noticed Polyphemus
  2481 | D        | Killed Polyphemus
  2482 | D        | Reached skill level 10 in Armour
  2803 | D        | Noticed a deep elf pyromancer
  2817 | D        | Killed a deep elf pyromancer
  3114 | D        | Received a gift from Trog
  3126 | D        | Noticed an orc knight
  3126 | D        | Noticed a vampire mage
  3127 | D        | Noticed a bog body
  3135 | D        | Killed a vampire mage
  3141 | D        | Killed an orc knight
  3151 | D        | Identified the +3 short sword of Ravage {flame, Fragile
                  | rCorr Dex+8 Stlth+} (Trog gifted it to you in the Dungeon)
  3151 | D        | Received a gift from Trog
  3152 | D        | Reached XP level 12. HP: 89/89 MP: 12/12
  3155 | D        | Noticed a death yak
  3156 | D        | Noticed a two-headed ogre
  3174 | D        | Killed a two-headed ogre
  3186 | D        | Received a gift from Trog
  3189 | D        | Killed a death yak
  3189 | D        | Slain by a bog body

Illustrated notes

Levels and vault maps discovered:
D:        pitsprint [storerooms_1, entrance_room_1, metal_vault_2, armoury_2,
          mini_pit_1, grid_room_1, main_hall_1, silver_pit, the_coven_2,
          the_vestibule_1, steel_vault_5, golden_pit, hallway_of_sentries,
          crystal_vault_5, iron_vault_4, final_vault]

Skill      XL: |  1  2  3  4  5  6  7  8  9 10 11 12 |
---------------+-------------------------------------+-----
Fighting       | 4 6 7 9 10 11 12 14 16 | 16.5
Short Blades   | 5 6 8 10 12 14 16 18 | 18.4
Armour         | 2 3 4 5 6 7 9 10 | 10.9
Dodging        | 3 4 6 8 9 11 12 | 12.9
Stealth        | 1 3 5 8 9 12 14 15 17 18 | 18.3

Action                   |  1- 3 |  4- 6 |  7- 9 | 10-12 || total
-------------------------+-------+-------+-------+-------++-------
Melee: Short sword       |     6 |       |       |       ||     6
       Dagger            |    25 |    41 |    39 |       ||   105
       Rapier            |       |       |    20 |   208 ||   228
       Punch             |       |       |     1 |     1 ||     2
Invok: Berserk           |     2 |     2 |     3 |     7 ||    14
       Brothers in Arms  |       |       |     1 |     2 ||     3
  Use: Potion            |     1 |       |     2 |     3 ||     6
 Stab: Sleeping          |     3 |     2 |     2 |     4 ||    11
       Invisible         |       |       |       |     8 ||     8
Armor: Animal skin       |     2 |       |       |       ||     2
       Ring mail         |       |     7 |     5 |       ||    12
       Scale mail        |       |       |     2 |    38 ||    40
Dodge: Dodged            |    12 |    26 |    24 |   169 ||   231

Table legend: (Time is in decaauts)
 A = Elapsed time spent in this place.
 B = Non-inter-level travel time spent in this place.
 C = Inter-level travel time spent in this place.
 D = Time resting spent in this place.
 E = Time spent auto-exploring this place.
 F = Levels seen in this place.
 G = Mean time per level.
                   A        B        C        D        E       F      G
               +--------+--------+--------+--------+--------+-----+--------+
         Total |   3132 |   3128 |      4 |   2016 |    487 |   1 | 3132.0 |
       Dungeon |   3132 |   3128 |      4 |   2016 |    487 |   1 | 3132.0 |
               +--------+--------+--------+--------+--------+-----+--------+

Top non-repeatable levels by time:
       D: 3132 daAuts
